Map: [TLMC21] Taito Citadel

Players

Kinpach

  • Race: Terran Terran
  • League: Master
  • Spawn Location: 5:00

SpeCial - Winner!

  • Race: Terran Terran
  • League: Grandmaster
  • Spawn Location: 11:00

VOD

Have the link to the VOD?

Description

Time

  • Played on: Oct. 12, 2025, 12:13 p.m.
  • Length: 3:55
Show
View Real Time Build Order
Export as new Build Order

Kinpach Terran 

Build Orders:  

Get SALT Encoding   

  12  0:00  SCV  
  13  0:12  SCV  
  14  0:17  Supply Depot  
  14  0:24  SCV  
  15  0:38  SCV  
  15  0:40  Barracks  
  16  0:43  Refinery  
  16  0:50  SCV  
  16  0:54  Supply Depot  
  17  1:08  Barracks  
  17  1:18  Barracks  
  17  1:25  Refinery  
  17  1:30  Reaper  
  18  1:47  Orbital Command  
  18  1:55  Reaper  
  19  2:02  Reaper  
  19  2:05  Reaper  
  21  2:13  SCV  
  22  2:21  Supply Depot  
  22  2:28  Reaper  
  23  2:34  Reaper  
  23  2:36  SCV  
  25  2:37  Reaper  
  26  2:48  Supply Depot  
  26  2:54  SCV  
  27  3:00  Reaper  
  27  3:06  Reaper  
  27  3:09  Reaper  
  29  3:25  SCV  
  30  3:28  Supply Depot  
  31  3:38  SCV  
  31  3:40  Supply Depot  
Show
View Real Time Build Order
Export as new Build Order

SpeCial Terran - Winner!

Build Orders: Reaper Expand 

Get SALT Encoding   

  12  0:00  SCV  
  13  0:12  SCV  
  14  0:17  Supply Depot  
  14  0:24  SCV  
  15  0:38  SCV  
  15  0:39  Barracks  
  16  0:43  Refinery  
  16  0:50  SCV  
  17  1:02  SCV  
  18  1:15  SCV  
  19  1:27  Orbital Command  
  19  1:28  Reaper  
  20  1:41  Command Center  
  20  1:53  Supply Depot, SCV  
  21  2:00  Marine  
  22  2:06  SCV  
  23  2:09  Factory  
  23  2:15  Bunker  
  23  2:20  SCV  
  23  2:22  Barracks Reactor  
  24  2:32  Refinery  
  24  2:33  SCV  
  25  2:45  SCV  
  26  2:53  Hellion  
  26  2:54  Orbital Command  
  28  3:02  Marine x2  
  28  3:03  SCV  
  28  3:15  Hellion  
  29  3:23  Marine x2  
  29  3:25  SCV  
  33  3:42  Starport  
Tags
 
Add a new tag
Caveats
  • Supply blocks, unpowered buildings, or Contaminate may cause inaccurate times.
  • Supply counts are checked every 10 seconds.